 Dungeon Crawl Stone Soup version 0.31-a0-167-g1c394c0614 (webtiles) character file.

Game seed: 9687355599778143076

52 Dittersdorf the Trooper (level 3, 0/24 HPs)
             Began as a Gargoyle Fighter on June 14, 2023.
             Slain by an endoplasm (2 damage)
             ... on level 3 of the Dungeon.
             The game lasted 00:01:28 (1416 turns).

Dittersdorf the Trooper (Gargoyle Fighter)          Turns: 1416, Time: 00:01:30

Health: 0/24       AC: 10    Str: 21    XL:     3   Next: 85%
Magic:  3/3        EV:  9    Int:  8    God:
Gold:   117        SH:  0    Dex:  9    Spells: 2/2 levels left

rFire   . . .        a - +0 flail
rCold   . . .        c - +0 buckler
rNeg    + . .        b - +0 scale mail
rPois   ∞            (no helmet)
rElec   +            (no cloak)
rCorr   .            (no gloves)
SInv    .            (no boots)
Will    .....        e - amulet of regeneration Stlth
                     (no ring)
HPRegen 1.04/turn    (no ring)
MPRegen 0.08/turn

%: no passive effects
@: confused
A: sickness immunity, AC +3, negative energy resistance 1, electricity
resistance, torment resistance 1, petrification resistance
a: no special abilities


You were on level 3 of the Dungeon.
You visited 1 branch of the dungeon, and saw 3 of its levels.

You collected 117 gold pieces.

Inventory:

Hand Weapons
 a - a +0 flail (weapon)
Missiles
 k - 2 curare-tipped darts
Armour
 b - a +0 scale mail (worn)
 c - a +0 buckler (worn)
Jewellery
 e - an amulet of regeneration (around neck)
 h - a ring of ice
Scrolls
 f - a scroll of revelation {unknown}
 i - 3 scrolls of torment {unknown}
 j - 2 scrolls of enchant armour {unknown}
 l - a scroll of acquirement {unknown}
Potions
 d - a potion of might
 g - 2 potions of brilliance {unknown}
 m - a potion of lignification {unknown}


   Skills:
 + Level 3.8 Fighting
 + Level 2.6 Maces & Flails
 + Level 3.7 Armour
 + Level 3.8 Shields


You had 2 spell levels left.
You didn't know any spells.
Your spell library contained the following spells:

 Spells                   Type           Power      Damage    Failure   Level
 Gell's Gravitas          Tloc           0%         N/A       99%         3
 Teleport Other           Tloc           0%         N/A       99%         3
 Dispersal                Tloc           0%         N/A       100%        6


Dungeon Overview and Level Annotations

Branches:
Dungeon (3/15)

Altars:

Shops:
D:2 (


Innate Abilities, Weirdness & Mutations

You are immune to sickness and miasma.
Your stone body is resilient. (AC +3)
You are immune to poison.
You resist negative energy. (rN+)
You are resistant to electric shocks. (rElec)
You are resistant to unholy torment.
You are immune to petrification.


Message History

The endoplasm barely misses you.
You barely miss the ball python.
The ball python is moderately wounded.
The ball python bites you but does no damage.
The ball python constricts you. The orc hits you but does no damage.
The goblin hits you with a +0 dagger. The endoplasm barely misses you.
The endoplasm freezes you.
You are frozen.
The ball python bites you but does no damage.
The ball python constricts you. The goblin hits you but does no damage.
The orc hits you but does no damage. The endoplasm freezes you.
You are frozen.
* * * LOW HITPOINT WARNING * * *
The endoplasm barely misses you.
You escape the ball python's grasp.
The orc wizard shouts!
You block the endoplasm's attack.
The orc wizard casts a spell.
The orc wizard flickers and vanishes!
Deactivating autopickup; reactivate with Ctrl-A.
The orc hits you but does no damage. You block the goblin's attack.
The orc wizard points at you and mumbles some strange words.
You are confused.
The endoplasm closely misses you.
In your confused state, you trip and fall back down the stairs.
* * * LOW HITPOINT WARNING * * *
The ball python closely misses you. The ball python completely misses you.
The ball python barely misses you. The ball python grabs you.
The ball python constricts you. The endoplasm completely misses you.
The goblin hits you with a +0 dagger.
* * * LOW HITPOINT WARNING * * *
The orc hits you with a +2 dagger of venom.
* * * LOW HITPOINT WARNING * * *
The endoplasm hits you but does no damage.
You escape the ball python's grasp.
The endoplasm hits you but does no damage.
The orc wizard hits you but does no damage.
The goblin hits you but does no damage. The endoplasm hits you.
You die...

..........#
..........#
..........#
..........###
............#
............#
........o...#
#.....o@So..#
...#..JgJo..#
.......oo...#
........>...#
.#.###......#
.. ....{....
# .........#
..........#


You could see 2 orc wizards, 4 orcs, 2 endoplasms, a goblin and a ball python.

Vanquished Creatures
  A dart slug (D:1)
  An orc (D:2)
  5 endoplasms
  4 giant cockroaches
  2 goblins (D:1)
  7 hobgoblins
  4 jackals (D:2)
  3 kobolds
  4 quokkas
  4 ball pythons
  A bat (D:2)
  A frilled lizard (D:2)
  2 rats (D:1)
39 creatures vanquished.

Notes
Turn   | Place    | Note
-------+----------+-------------------------------------------
     0 | D:1      | Dittersdorf the Gargoyle Fighter began the quest for the
                  | Orb.
     0 | D:1      | Reached XP level 1. HP: 14/14 MP: 1/1
   110 | D:1      | Reached XP level 2. HP: 14/19 MP: 2/2
   508 | D:1      | Reached XP level 3. HP: 18/23 MP: 3/3
  1367 | D:2      | Found Cuppinut's Weapon Shop.
  1415 | D:3      | HP: 1/24 [orc/+2 dagger of venom (2)]
  1416 | D:3      | Slain by an endoplasm

Illustrated notes

Levels and vault maps discovered:
D:1:      doesnt_arrival_eight_statues, layout_basic, minmay_heptomino_h4
D:2:      layout_basic, serial_shops, nicolae_shop_tiny_glass,
          serial_bayou_crossing
D:3:      layout_rooms, mainiacjoe_overflow_concentric_impassable

Action                     || total
---------------------------++-------
  Melee: Flail             ||   118
 Armour: Scale mail        ||   101
  Dodge: Dodged            ||    79
  Block: Buckler           ||    36

Table legend: (Time is in decaauts)
 A = Elapsed time spent in this place.
 B = Non-inter-level travel time spent in this place.
 C = Inter-level travel time spent in this place.
 D = Time resting spent in this place.
 E = Time spent auto-exploring this place.
 F = Levels seen in this place.
 G = Mean time per level.
                   A        B        C        D        E       F      G
               +--------+--------+--------+--------+--------+-----+--------+
         Total |   1459 |   1397 |     62 |      0 |   1110 |   3 |  486.3 |
       Dungeon |   1459 |   1397 |     62 |      0 |   1110 |   3 |  486.3 |
               +--------+--------+--------+--------+--------+-----+--------+

Top non-repeatable levels by time:
     D:1: 949 daAuts
     D:2: 501 daAuts
     D:3: 8 daAuts
